[Event "*** SCC Grand Prix: Titled Tuesday Blitz"]
[Site "Chess.com"]
[Date "2020.08.11"]
[Round "7"]
[White "chegueps"]
[Black "PavelShkapenko"]
[Result "0-1"]
[WhiteElo "2472"]
[BlackElo "2665"]
[TimeControl "180+1"]
[EndTime "11:17:58 PDT"]
[Termination "PavelShkapenko won on time"]

1. e4 c5 2. Nf3 e6 3. c3 d5 4. exd5 exd5 5. d4 Nc6 6. Be2 Bd6 7. O-O Nge7 8. Be3 c4 9. b3 cxb3 10. axb3 O-O 11. Qd2 Bf5 12. Bf4 Ng6 13. Bg3 Re8 14. Na3 a6 15. Nc2 Qc7 16. Ne3 Be4 17. Ng5 Nf4 18.
Nxe4 dxe4 19. Bxf4 Bxf4 20. Nd5 Bxh2+ 21. Kh1 Qd6 22.
Nb6 Rad8 23. Nc4 Qf4 24. g3 Qxd2 25. Nxd2 e3 26. Kxh2 exd2 27. Bf3 Rd6 28. Rfd1 a5 29. Rxd2 b6 30. Kg2 g6 31. Re2 Rxe2 32. Bxe2 Ne7 33. Bf3 Rd7 34. Re1 Kg7 35. Re5 Rc7 36. c4 Nf5 37.
Rd5 a4 38. bxa4 Rxc4 39. Rd7 Rxd4 40. Rb7 Rxa4 41. Bd5 Nh6 42. Rxb6 Ra7 0-1

[Event "*** SCC Grand Prix: Titled Tuesday Blitz"]
[Site "Chess.com"]
[Date "2020.08.11"]
[Round "7"]
[White "GMHess"]
[Black "Angel_Hranitel_37"]
[Result "1-0"]
[WhiteElo "2795"]
[BlackElo "2445"]
[TimeControl "180+1"]
[EndTime "11:18:00 PDT"]
[Termination "GMHess won on time"]

1. d4 Nf6 2. c4 g6 3. Nc3 Bg7 4. e4 d6 5. f3 O-O 6. Be3 Nc6 7. Nge2 a6 8. Qd2 Na5 9. Nc1 Nd7 10. Nb3 c6 11. Be2 Nxb3 12. axb3 e5 13. dxe5 dxe5 14. O-O Qc7 15. Rfd1 Re8 16. c5 Nf8 17.
Qd6 Ne6 18. Na4 Qxd6 19. Rxd6 Bf8 20. Nb6 Rb8 21. Rad1 Nd4 22. Bc4 Bxd6 23. cxd6 Rd8 24. Bxd4 Rxd6 25. Bxe5 Rxd1+ 26. Kf2 Be6 27. Bxb8 Rd2+ 28.
Ke3 Rxb2 29. Be5 Rxg2 30. Bxe6 fxe6 31. Nc4 b5 32. Na5 c5 33. Nb7 c4 34. bxc4 bxc4 35. Nc5 Kf7 36. Nxa6 c3 37. Nb4 c2 38. Nd3 h5 39. h4 Ke7 40. Bf4 Kd7 41. Kd4 1-0

[Event "*** SCC Grand Prix: Titled Tuesday Blitz"]
[Site "Chess.com"]
[Date "2020.08.11"]
[Round "7"]
[White "BeanScreen"]
[Black "AldokhinIvan"]
[Result "1/2-1/2"]
[WhiteElo "2704"]
[BlackElo "2541"]
[TimeControl "180+1"]
[EndTime "11:18:01 PDT"]
[Termination "Game drawn - insufficient material"]

1. e4 c5 2. Nf3 e6 3. d4 cxd4 4. Nxd4 a6 5. Bd3 Qc7 6. O-O Nf6 7. Nc3 d6 8. f4 Be7 9. Be3 Nc6 10. a4 O-O 11. g4 Nxd4 12. Bxd4 e5 13. g5 exd4 14. gxf6 dxc3 15. fxe7 Qxe7 16. bxc3 Bh3 17. Re1 Rac8 18.
Qf3 Bd7 19. e5 dxe5 20. Rxe5 Qf6 21. Rae1 h6 22. R1e3 Kh8 23. Rh5 Rfe8 24. Rhe5 Rxe5 25. Rxe5 Qb6+ 26. Qe3 Qxe3+ 27. Rxe3 Kg8 28. Re7 Bxa4 29. Rxb7 Bb5 30. Bxb5 axb5 31. Rxb5 Rxc3 32. Rb8+ Kh7 33. Rb2 Kg6 34. Kf2 Kf5 35. Ke2 Kxf4 36. Kd2 Rh3 37. Rb7 Rxh2+ 38. Kd3 g5 39. Rxf7+ Ke5 40. c4 g4 41. c5 Kd5 42. Rf5+ Kc6 43. Ke3 h5 44. Rg5 Rh3+ 45. Kf4 Rf3+ 46. Ke4 Rh3 47. Kf4 Rh1 48. Kg3 Rg1+ 49. Kh2 Rc1 50. Rxh5 Rxc5 51. Rh6+ Kd5 52. Kg3 Rc4 53. Rh5+ Ke6 54. Rg5 Kf6 55. Rxg4 Rxg4+ 56. Kxg4 1/2-1/2

[Event "*** SCC Grand Prix: Titled Tuesday Blitz"]
[Site "Chess.com"]
[Date "2020.08.11"]
[Round "7"]
[White "Andrii_Prydun"]
[Black "ChessicallyInclined"]
[Result "1-0"]
[WhiteElo "2363"]
[BlackElo "2482"]
[TimeControl "180+1"]
[EndTime "11:18:01 PDT"]
[Termination "Andrii_Prydun won by checkmate"]

1. d4 Nf6 2. Nc3 d5 3. Bf4 a6 4. a3 e6 5. Qd3 c5 6. Nf3 Nc6 7.
e3 c4 8. Qe2 Be7 9. e4 b5 10.
exd5 Nxd5 11. Nxd5 exd5 12. Qd2 O-O 13. Be2 Bf5 14. O-O Qd7 15. Rfe1 h6 16. Rad1 a5 17. Ne5 Nxe5 18. dxe5 Be6 19. Be3 Qc6 20. Qd4 Rfd8 21.
f4 b4 22. axb4 axb4 23. Bf3 Ra5 24. Kh1 Bf5 25. Rd2 c3 26. bxc3 bxc3 27. Rf2 Ra4 28. Qd1 Be4 29. Bd4 Qc4 30. Bb6 Rb8 31. Bxe4 dxe4 32.
Qd7 Rxb6 33. Qxe7 e3 34. Rf3 Qe2 35. Qd8+ Kh7 36. Rff1 Qxc2 37. Qxb6 Ra2 38. Rg1 e2 39. Qe3 Qd2 40. Qe4+ Kh8 41. h3 Rb2 42. Ra1 g6 43. e6 fxe6 44. Qe5+ Kg8 45. Ra8+ Kf7 46. Qc7+ Kf6 47.
Rf8# 1-0

[Event "*** SCC Grand Prix: Titled Tuesday Blitz"]
[Site "Chess.com"]
[Date "2020.08.11"]
[Round "7"]
[White "vesalhamedinia"]
[Black "igorknyazev"]
[Result "1-0"]
[WhiteElo "2282"]
[BlackElo "1949"]
[TimeControl "180+1"]
[EndTime "11:18:01 PDT"]
[Termination "vesalhamedinia won by resignation"]

1. d4 Nf6 2. c4 c5 3. d5 b5 4. cxb5 a6 5. b6 d6 6. Nc3 Nbd7 7. e4 g6 8. Nf3 Bg7 9. Be2 O-O 10. O-O Ng4 11. h3 Nge5 12. Nd2 Nxb6 13. a4 f5 14. f4 Nf7 15. a5 Bd4+ 16. Kh1 Nd7 17. exf5 gxf5 18. Bd3 Nf6 19. Nf3 Kh8 20. Nxd4 cxd4 21. Ne2 Nh5 22. Kh2 Rg8 23. Nxd4 Ng3 24. Rf3 Qf8 25.
Be3 Qg7 26. Nc6 Ne4 27. Bd4 Nf6 28. Qf1 Re8 29. Rg3 Qh6 30. Qf3 Bd7 31. Re1 Bxc6 32. dxc6 e5 33. fxe5 dxe5 34. Bc3 e4 35. Bxe4 Ng5 36.
Qxf5 Nxe4 37. Rxe4 Rf8 38. Re6 Rf7 39. Rxf6 Rxf6 40. Bxf6+ 1-0

[Event "*** SCC Grand Prix: Titled Tuesday Blitz"]
[Site "Chess.com"]
[Date "2020.08.11"]
[Round "7"]
[White "GMBenjaminBok"]
[Black "Vuk2000"]
[Result "1-0"]
[WhiteElo "2911"]
[BlackElo "2728"]
[TimeControl "180+1"]
[EndTime "11:18:03 PDT"]
[Termination "GMBenjaminBok won by resignation"]

1. d4 Nf6 2. c4 e6 3. Nf3 b6 4. g3 Ba6 5. Qc2 Bb7 6. Bg2 c5 7. d5 exd5 8. cxd5 Nxd5 9. O-O Be7 10. Rd1 Qc8 11. a3 Nf6 12. Bg5 O-O 13. Nc3 Re8 14.
Rd2 h6 15. Bxf6 Bxf6 16. Nd5 Bxd5 17. Rxd5 Nc6 18. e3 Qc7 19. Rad1 Rad8 20. Qd2 c4 21.
Qc2 Ne7 22. Rd6 b5 23. Bh3 Qb7 24.
Kg2 Ng6 25. Bf5 Ne5 26. Be4 Qc7 27. R6d5 Nxf3 28. Bxf3 a6 29. R1d2 d6 30. h4 Re5 31. h5 a5 32. Qd1 Rxd5 33. Bxd5 b4 34. axb4 axb4 35. Qg4 c3 36. bxc3 Qxc3 37. Ra2 b3 38. Ra7 Qc5 39. Bxf7+ Kf8 40. Rb7 Qc6+ 41. Qf3 Qxf3+ 42. Kxf3 b2 43. Bg6 Rd7 44. Rxd7 1-0

[Event "*** SCC Grand Prix: Titled Tuesday Blitz"]
[Site "Chess.com"]
[Date "2020.08.11"]
[Round "7"]
[White "DariaVoit"]
[Black "ExtremeLearner"]
[Result "0-1"]
[WhiteElo "2484"]
[BlackElo "2366"]
[TimeControl "180+1"]
[EndTime "11:18:04 PDT"]
[Termination "ExtremeLearner won by checkmate"]

1. d4 Nf6 2. Nf3 g6 3. c4 Bg7 4. Nc3 O-O 5. g3 d6 6. Bg2 c6 7. O-O Bf5 8. h3 Ne4 9. Bd2 Nxc3 10. Bxc3 Be4 11. Qd2 d5 12. c5 Nd7 13. b4 a6 14.
a4 Bxf3 15. Bxf3 e5 16. e3 f5 17. b5 e4 18. Be2 g5 19. bxc6 bxc6 20. Rab1 f4 21.
Bg4 Nf6 22. Bf5 Rb8 23. exf4 gxf4 24. Qxf4 Rxb1 25. Rxb1 Nh5 26. Qg4 Nf6 27. Qg5 Qe7 28. Rb6 h6 29. Qe3 Nd7 30. Bxd7 Qxd7 31. Kg2 Rf3 32.
Qe1 h5 33. Rxa6 h4 34. g4 Qf7 35. Rxc6 e3 36. Rc8+ Bf8 37. fxe3 Rg3+ 38. Qxg3 hxg3 39.
Kxg3 Qf1 40. c6 Qg1+ 41. Kf3 Qf1+ 42. Kg3 Kg7 43. c7 Bd6+ 44. Kh4 Qf6+ 45. Kh5 Qh6# 0-1

[Event "*** SCC Grand Prix: Titled Tuesday Blitz"]
[Site "Chess.com"]
[Date "2020.08.11"]
[Round "7"]
[White "Chernobay_Artem"]
[Black "WiktoriaPOL"]
[Result "1-0"]
[WhiteElo "2479"]
[BlackElo "1875"]
[TimeControl "180+1"]
[EndTime "11:18:04 PDT"]
[Termination "Chernobay_Artem won by resignation"]

1. d4 Nf6 2. c4 g6 3. Nc3 Bg7 4. e4 d6 5. Nf3 O-O 6. h3 e5 7. dxe5 dxe5 8. Qxd8 Rxd8 9. Bg5 Re8 10. Nd5 Nxd5 11. cxd5 c6 12. Bc4 cxd5 13. Bxd5 Nd7 14.
Bb3 Nc5 15. Bc2 h6 16. Be3 Ne6 17. O-O-O b6 18. Bb3 Ba6 19. Rd7 Rac8+ 20. Kb1 Rc7 21. Rhd1 Rec8 22. Bxe6 fxe6 23. b3 Bb7 24. Rxc7 Rxc7 25.
Rd8+ Kf7 26. Nd2 Bf6 27. Rb8 g5 28. f3 Ba6 29. Nc4 Bxc4 30. bxc4 Kg6 31. Kb2 Rxc4 32. Rb7 Ra4 33. Kb3 Ra5 34. a4 h5 35. Bd2 Rc5 36.
Rxa7 Rc6 37. Be3 Rd6 38. Rc7 Rd3+ 39. Rc3 Rd6 40. Kc4 Rc6+ 41. Kd3 Rd6+ 42. Kc2 Bd8 43. Rd3 Rc6+ 44. Kb3 Bc7 45. Rc3 Rxc3+ 46. Kxc3 g4 47.
fxg4 hxg4 48. hxg4 Bd8 49. Kc4 Kf7 50. Kb5 Ke8 51.
Bxb6 Bxb6 52. Kxb6 Kd7 53. Kb7 1-0

[Event "*** SCC Grand Prix: Titled Tuesday Blitz"]
[Site "Chess.com"]
[Date "2020.08.11"]
[Round "7"]
[White "Gabix_94"]
[Black "youngKID"]
[Result "0-1"]
[WhiteElo "2866"]
[BlackElo "2781"]
[TimeControl "180+1"]
[EndTime "11:18:05 PDT"]
[Termination "youngKID won by resignation"]

1. Nf3 Nf6 2. g3 c5 3. Bg2 g6 4.
O-O Bg7 5. c4 Nc6 6. Nc3 h5 7.
b3 d6 8. Bb2 Bd7 9. Nd5 e5 10.
Nxf6+ Bxf6 11. d3 h4 12. Nd2 hxg3 13. hxg3 Bh3 14. Bxh3 Rxh3 15. Kg2 Qd7 16. Rh1 Rxh1 17. Qxh1 O-O-O 18. Qh3 Be7 19. Qxd7+ Kxd7 20. Rh1 Ke6 21.
Ne4 d5 22. cxd5+ Rxd5 23. a3 Nd4 24. Bxd4 cxd4 25. Rc1 f5 26. Nd2 Bxa3 27. Rc7 Rd7 28. Rc8 Bb4 29. Nf3 Bd6 30. Ng5+ Kf6 31. Nf3 Rc7 32. Rd8 Be7 33. Rg8 a5 34. g4 fxg4 35.
Nd2 b5 36. Rb8 a4 37. bxa4 bxa4 38. Rb6+ Kg7 39. Ra6 Rc2 40. Nc4 Rxe2 41. Rxa4 Bh4 42. Ra7+ Kh6 43. Rf7 g3 44. Kh3 Rxf2 45. Nxe5 Rh2+ 46.
Kg4 g2 47. Nf3 Rh1 48. Rd7 Bf2 49. Rd8 g1=Q+ 50. Nxg1 Rxg1+ 51. Kf3 Be3 0-1

[Event "*** SCC Grand Prix: Titled Tuesday Blitz"]
[Site "Chess.com"]
[Date "2020.08.11"]
[Round "7"]
[White "alexrustemov"]
[Black "maximnovik"]
[Result "1-0"]
[WhiteElo "2644"]
[BlackElo "2463"]
[TimeControl "180+1"]
[EndTime "11:18:05 PDT"]
[Termination "alexrustemov won on time"]

1. d4 Nf6 2. Nf3 g6 3. c4 Bg7 4. Nc3 d5 5. Qb3 dxc4 6. Qxc4 O-O 7. Bf4 Na6 8. Rd1 c5 9. dxc5 Qa5 10. Qa4 Qxc5 11.
e3 Qb6 12. Qb5 Qxb5 13. Bxb5 Nc5 14. Be5 a6 15. Be2 b5 16. Nd4 Bb7 17. Bf3 Bxf3 18. gxf3 Rac8 19. Ke2 b4 20. Bxf6 bxc3 21. Bxg7 Kxg7 22.
b3 e5 23. Nc2 e4 24. Rd5 exf3+ 25. Kxf3 Rfd8 26. Rhd1 Rxd5 27. Rxd5 Kf6 28. Rd4 Ne6 29. Rd6 a5 30. Ke2 Rc5 31. Ra6 Rh5 32. Na3 Rd5 33. Ke1 Rd2 34. Nc4 Rxa2 35. Rxa5 Rc2 36.
Rd5 Ke7 37. b4 Ra2 38. Rd3 c2 39. Rc3 Ng5 40. Nd2 1-0

[Event "*** SCC Grand Prix: Titled Tuesday Blitz"]
[Site "Chess.com"]
[Date "2020.08.11"]
[Round "7"]
[White "kleinebeer98"]
[Black "Casablanca"]
[Result "0-1"]
[WhiteElo "2625"]
[BlackElo "2468"]
[TimeControl "180+1"]
[EndTime "11:18:05 PDT"]
[Termination "Casablanca won on time"]

1. e4 c5 2. Nf3 d6 3. d4 cxd4 4. Nxd4 Nf6 5. Nc3 g6 6. h3 Bg7 7. Bc4 O-O 8. O-O Nc6 9. Nf3 a6 10. Bg5 h6 11. Bh4 b5 12. Bb3 Na5 13. e5 dxe5 14. Nxe5 Nxb3 15. axb3 Bb7 16. Qe2 Qc7 17. Bg3 Qb6 18. Rfe1 e6 19. Nd3 Rfd8 20. Be5 Rac8 21. b4 Qc6 22. f3 Nh5 23. Bxg7 Qb6+ 24. Kh2 Kxg7 25. Qe5+ Kg8 26. Nc5 Rd2 27. Rad1 Rxc2 28. Rd6 Bxf3 29. Re2 Qxd6 30. Qxd6 Bxe2 31. Nxe2 Rxe2 32.
Qxa6 Rd8 33. Nd7 Nf4 34. Kg3 g5 35. Qxb5 Rxg2+ 36. Kf3 Rd2 37. Ne5 R2d5 38. Qb6 Rf8 39.
Nc6 Kg7 40. Ne7 Rd3+ 41. Kf2 Rfd8 42. Nc6 Rd2+ 43. Kf3 R8d3+ 44. Ke4 Re2+ 0-1

[Event "*** SCC Grand Prix: Titled Tuesday Blitz"]
[Site "Chess.com"]
[Date "2020.08.11"]
[Round "7"]
[White "rugbyclub"]
[Black "Alindsay211"]
[Result "1-0"]
[WhiteElo "2190"]
[BlackElo "2315"]
[TimeControl "180+1"]
[EndTime "11:18:05 PDT"]
[Termination "rugbyclub won on time"]

1. c4 Nf6 2. Nc3 e5 3. g3 Nc6 4.
Bg2 d6 5. e3 g6 6. Nge2 Bg7 7.
O-O O-O 8. b3 Bg4 9. Bb2 Qd7 10.
d4 Bxe2 11. Nxe2 Rab8 12. Nc3 Rfe8 13. d5 Ne7 14. e4 h6 15. b4 Nh7 16. c5 f5 17. f3 fxe4 18. fxe4 Rf8 19. Qd3 a6 20.
Rac1 Ng5 21. Rxf8+ Rxf8 22. Rf1 Rxf1+ 23. Bxf1 h5 24.
Bc1 Nh3+ 25. Bxh3 Qxh3 26. Qf3 Qg4 27. Qxg4 hxg4 28. Bg5 Kf7 29. Nd1 Ng8 30. Bd8 dxc5 31. bxc5 c6 32. Ne3 Bf6 33. Bc7 Nh6 34. Nc4 cxd5 35. exd5 e4 36. Kf1 Bd4 37. Nd6+ Ke7 38.
Nxe4 Nf5 39. Bf4 b6 40. c6 Bc5 41. Ke2 Bg1 42. d6+ Kd8 43. Bg5+ Kc8 44. d7+ Kc7 45. d8=Q+ Kxc6 46. Qd1 1-0

[Event "*** SCC Grand Prix: Titled Tuesday Blitz"]
[Site "Chess.com"]
[Date "2020.08.11"]
[Round "7"]
[White "eightbyeightchess"]
[Black "Spriteball"]
[Result "1/2-1/2"]
[WhiteElo "2442"]
[BlackElo "2128"]
[TimeControl "180+1"]
[EndTime "11:18:07 PDT"]
[Termination "Game drawn by repetition"]

1. e4 c5 2. Nf3 d6 3. d4 cxd4 4. Qxd4 Nc6 5. Bb5 Bd7 6. Bxc6 Bxc6 7. Nc3 Nf6 8. Bg5 e6 9. O-O-O Be7 10.
Qd3 Qa5 11. Kb1 O-O-O 12. Bd2 Qh5 13. Nd4 Be8 14. f4 Kb8 15. f5 Ng4 16. Qf3 e5 17.
Nde2 Bc6 18. h3 Nf6 19. g4 Qh4 20. Rdg1 h5 21. Be1 hxg4 22. hxg4 Qg5 23. Bd2 Qxd2 24. Rxh8 Rxh8 25. g5 Nd7 26. a3 Nc5 27. g6 fxg6 28. Rxg6 Bf6 29. Rg1 Rh4 30. Rd1 Qg5 31. Rxd6 Nxe4 32.
Nxe4 Bxe4 33. Qb3 Rh1+ 34. Ka2 Qg2 35. Qg8+ Kc7 36. Rd2 Re1 37. Qf7+ Kb8 38. Qe8+ Kc7 39. Qf7+ Kb6 40. Qe6+ Bc6 41. Qb3+ Kc7 42. Qf7+ Kb8 43. Qf8+ Kc7 44. Qd6+ Kc8 45. Nc3 Qf3 46. Qe6+ Kc7 47. Qd6+ Kc8 48. Qe6+ Kc7 49. Qd6+ Kc8 1/2-1/2

[Event "*** SCC Grand Prix: Titled Tuesday Blitz"]
[Site "Chess.com"]
[Date "2020.08.11"]
[Round "7"]
[White "meoluoi91"]
[Black "Nemsko"]
[Result "1-0"]
[WhiteElo "2493"]
[BlackElo "2343"]
[TimeControl "180+1"]
[EndTime "11:18:10 PDT"]
[Termination "meoluoi91 won on time"]

1. d4 Nf6 2. Nf3 e6 3. e3 b6 4. Bd3 d5 5. O-O Bd6 6. c4 O-O 7. Nc3 a6 8. cxd5 exd5 9. Ne5 c5 10. Qf3 Bb7 11. Rd1 Qe7 12. Qf5 g6 13. Qg5 Re8 14. f4 Nc6 15. Bc2 Nb4 16. Bb1 cxd4 17. exd4 Nh5 18. Qxe7 Rxe7 19. a3 Nc6 20. Nxd5 Ree8 21. Nxb6 Rad8 22. Be4 Nxe5 23. Bxb7 Bc5 24. Nd5 Ba7 25.
fxe5 Rxe5 26. g4 Ng7 27. Kg2 Rexd5 28. Bxd5 Rxd5 29. Be3 f5 30. h3 Ne6 31. Rac1 f4 32. Bf2 Kf7 33. Rc6 a5 34. Ra6 Bb8 35. h4 h6 36. Kf3 g5 37. Ke4 Rb5 38. Rd2 Bc7 39.
d5 Ng7 40. Rxh6 gxh4 41. Bxh4 Ne8 42. Rc6 Bd6 43. Rdc2 Rb3 44. Bf2 Rh3 45. g5 Rh5 46. Kf5 1-0

[Event "*** SCC Grand Prix: Titled Tuesday Blitz"]
[Site "Chess.com"]
[Date "2020.08.11"]
[Round "7"]
[White "TokChess"]
[Black "AliKa2810"]
[Result "0-1"]
[WhiteElo "2400"]
[BlackElo "2605"]
[TimeControl "180+1"]
[EndTime "11:18:11 PDT"]
[Termination "AliKa2810 won by resignation"]

1. Nf3 Nf6 2. g3 g6 3. Bg2 Bg7 4. O-O O-O 5. c4 c5 6. Nc3 d5 7. cxd5 Nxd5 8. Qb3 Nb6 9. d3 Nc6 10. Qb5 Bg4 11. Qxc5 Rc8 12. Qe3 Qd7 13. Rd1 Rfd8 14.
Qd2 e5 15. Qe1 Nd4 16. Nxd4 exd4 17. Ne4 Rc2 18. Bd2 Rxb2 19. Nc5 Qe7 20. Nxb7 Rb8 21. Na5 Qxe2 22. Bf4 Re8 23. Bf1 Qe6 24. Qxe6 Rxe6 25.
Rdb1 Rxb1 26. Rxb1 h5 27. Nb7 Nd5 28. Bd2 Nc3 29.
Re1 Nxa2 30. Ra1 Nc3 31. Rxa7 Bf3 32. Ra1 Ne2+ 33. Bxe2 Rxe2 34. Bf4 Bxb7 35. Rb1 Bf3 36.
Rc1 Bf6 37. h4 Kg7 38. Rb1 Be7 39. Ra1 Bb4 40. Rc1 Bd2 41. Bxd2 Rxd2 42. Re1 Rd1 43.
Rxd1 Bxd1 44. Kf1 Kf6 45. Ke1 Ba4 46. f3 Kf5 47. Ke2 Bc6 48. Kd2 g5 49. hxg5 Kxg5 50. Ke2 f5 51. Kf2 f4 52. Kg2 Bb5 53. Kh3 Bxd3 0-1

[Event "*** SCC Grand Prix: Titled Tuesday Blitz"]
[Site "Chess.com"]
[Date "2020.08.11"]
[Round "7"]
[White "Yashasd1995"]
[Black "googlegoom"]
[Result "1-0"]
[WhiteElo "2521"]
[BlackElo "2391"]
[TimeControl "180+1"]
[EndTime "11:18:11 PDT"]
[Termination "Yashasd1995 won by resignation"]

1. b3 Nf6 2. Bb2 e6 3. e3 d5 4. f4 Be7 5. Nf3 Nbd7 6. Be2 b6 7. O-O Bb7 8. Ne5 c5 9. d3 Qc7 10. Nd2 Bd6 11. Ndf3 h6 12. c4 Rd8 13. Qe1 Rg8 14. Qh4 Be7 15. Qh3 d4 16. exd4 cxd4 17. Bxd4 Nc5 18.
Rad1 Bxf3 19. Nxf3 Qxf4 20. Be5 Qg4 21. Qxg4 Nxg4 22.
Bf4 g5 23. Bc1 Nf6 24. d4 Nce4 25. Bd3 Nd6 26. Rfe1 Kf8 27. Bb2 Nd7 28. Ne5 Nxe5 29. dxe5 Nb7 30. Be4 Nc5 31. Bc6 Kg7 32. Bc3 Nd3 33.
Rf1 Nf4 34. g3 Bc5+ 35. Kh1 Ng6 36. Kg2 Rc8 37. Be4 Rgd8 38. Kf3 Ne7 39. g4 a6 40. h3 b5 41. b4 Bb6 42. c5 Bc7 43. a3 Ng6 44.
Bb7 Rb8 45. Bxa6 Nxe5+ 46. Bxe5+ Bxe5 47. c6 Bc7 48. Bb7 Rd3+ 49. Rxd3 1-0

[Event "*** SCC Grand Prix: Titled Tuesday Blitz"]
[Site "Chess.com"]
[Date "2020.08.11"]
[Round "7"]
[White "Volodar_Murzin"]
[Black "arminmusovic"]
[Result "0-1"]
[WhiteElo "2673"]
[BlackElo "2506"]
[TimeControl "180+1"]
[EndTime "11:18:12 PDT"]
[Termination "arminmusovic won on time"]

1. e4 c6 2. d4 d5 3. f3 e6 4. Nc3 Nf6 5. e5 Nfd7 6. Nce2 c5 7. c3 Nc6 8. f4 cxd4 9. cxd4 Bb4+ 10. Bd2 O-O 11. Nf3 Qb6 12. g3 f6 13. Bh3 Kh8 14.
exf6 Nxf6 15. O-O Ne4 16. Be3 e5 17. Bxc8 Raxc8 18. fxe5 Be7 19. Qb3 Qxb3 20. axb3 a6 21. Nf4 Nb4 22. Rad1 Rc2 23. Bc1 Rfc8 24. Ne6 Na2 25. Bg5 Bb4 26. Be3 h6 27. Nf4 Kh7 28.
Nxd5 Rxb2 29. Rb1 Re2 30. Nxb4 Nxb4 31. Bf2 Rcc2 32. Ne1 Rxf2 33. Nxc2 Rxc2 34. e6 Nd5 35.
Rbe1 Nef6 36. e7 Ne8 37. Rf8 Ndf6 38. Rd1 Rc7 39. Re1 Rd7 40. Re6 h5 41. h4 Rxd4 42.
Rfxf6 Rd1+ 43. Rf1 Rd7 0-1

[Event "*** SCC Grand Prix: Titled Tuesday Blitz"]
[Site "Chess.com"]
[Date "2020.08.11"]
[Round "7"]
[White "Ranindu2003"]
[Black "lelajavakhishvili"]
[Result "1-0"]
[WhiteElo "2609"]
[BlackElo "2421"]
[TimeControl "180+1"]
[EndTime "11:18:12 PDT"]
[Termination "Ranindu2003 won by resignation"]

1. e4 d6 2. d4 Nf6 3. Nc3 g6 4.
f3 c6 5. Be3 b5 6. Qd2 Nbd7 7.
O-O-O Nb6 8. g4 b4 9. Nb1 a5 10. h4 h5 11. g5 Nfd7 12. f4 d5 13. f5 dxe4 14. fxg6 fxg6 15. Bg2 Nc4 16. Bxe4 Rg8 17. Qd3 Nde5 18. dxe5 Qxd3 19. Rxd3 Nxe5 20. Rd1 Bg4 21. Re1 O-O-O 22. Nd2 e6 23. Bf4 Bg7 24. Ngf3 Nxf3 25. Bxf3 Bxf3 26. Nxf3 Rdf8 27. Re4 e5 28. Nxe5 Rxf4 29.
Rxf4 Bxe5 30. Re4 Bd6 31. Rf1 Kc7 32. Rf6 Bg3 33. Rc4 Kb7 34. c3 c5 35. Rxc5 Bxh4 36.
cxb4 axb4 37. Rf4 Kb6 38. Re5 Rc8+ 39. Kd1 Rd8+ 40. Ke2 Bg3 41. Rxb4+ Kc6 42. Re3 Bd6 43. Rc3+ Kd5 44. Rd3+ Ke5 45. Rbd4 Rd7 46. a4 h4 47. Rxh4 Kf5 48. Rhd4 Re7+ 49. Re3 Be5 50. Rd5 Kf4 51. Rdxe5 Rxe5 52. Rxe5 Kxe5 53. a5 Kd6 54. Ke3 1-0

[Event "*** SCC Grand Prix: Titled Tuesday Blitz"]
[Site "Chess.com"]
[Date "2020.08.11"]
[Round "7"]
[White "AniJak"]
[Black "Sergey85Rodchenkov"]
[Result "1/2-1/2"]
[WhiteElo "2342"]
[BlackElo "2472"]
[TimeControl "180+1"]
[EndTime "11:18:12 PDT"]
[Termination "Game drawn by repetition"]

1. e4 c5 2. Nc3 e6 3. g3 d5 4. exd5 exd5 5. d4 Nc6 6. Be3 Nf6 7. Bb5 Bg4 8. f3 Be6 9. Nge2 Qb6 10. O-O Rc8 11.
Kg2 cxd4 12. Nxd4 Bc5 13. Bxc6+ Rxc6 14. Nxc6 Qxc6 15. Bxc5 Qxc5 16. Re1 O-O 17. Qd3 Rc8 18. Rad1 a6 19. Rd2 h6 20. Ne2 Qb6 21. b3 Nd7 22.
Nf4 Nc5 23. Qe3 Qc6 24. a3 Re8 25. Kg1 b5 26. Nxd5 Qc8 27. Rde2 Kh8 28. Nf4 Rd8 29. Nxe6 Nxe6 30. Rd2 Re8 31. Qf2 Qc3 32. Red1 Rc8 33. f4 Qf6 34. f5 Ng5 35. Rd6 Nh3+ 36. Kg2 Nxf2 37. Rxf6 gxf6 38. Kxf2 Rxc2+ 39. Ke3 Rxh2 40. Rd6 Rb2 41. Rxf6 Rxb3+ 42. Kf4 Rxa3 43. Rxh6+ Kg7 44. Rb6 f6 45. g4 Kf7 46. Rb7+ Kf8 47. Rb6 Ke7 48.
Rb7+ Kf8 49. Rb6 Ra4+ 50. Kf3 Ke7 51. Rb7+ Kd6 52. Rb6+ Ke7 53. Rb7+ Kd6 54. Rb6+ Ke7 1/2-1/2

[Event "*** SCC Grand Prix: Titled Tuesday Blitz"]
[Site "Chess.com"]
[Date "2020.08.11"]
[Round "7"]
[White "Shubinkirill2003"]
[Black "vladislavkovalev"]
[Result "0-1"]
[WhiteElo "2671"]
[BlackElo "2884"]
[TimeControl "180+1"]
[EndTime "11:18:13 PDT"]
[Termination "vladislavkovalev won by resignation"]

1. e4 e5 2. Nf3 Nc6 3. Bb5 a6 4. Ba4 d6 5. c3 Bd7 6. d4 Nf6 7. Bg5 h6 8. Bxf6 Qxf6 9. d5 Nb8 10. Nbd2 g6 11. c4 Bg7 12. Rc1 O-O 13. b4 a5 14.
Bxd7 Nxd7 15. a3 axb4 16. axb4 Ra2 17. O-O Rfa8 18. c5 Qe7 19. c6 bxc6 20. Rxc6 Nb6 21. Qc1 R8a7 22. Nc4 Nxc4 23. Qxc4 f5 24. h3 R2a3 25.
Rc1 fxe4 26. Qxe4 Qf7 27. Qc4 Bf6 28. b5 R3a4 29. Qe2 e4 30. Nd2 Bg5 31. R1c2 Qxd5 32. b6 cxb6 33. Qg4 Kg7 34. Rc7+ Rxc7 35. Rxc7+ Kf6 36.
Qd7 Ra1+ 37. Kh2 Bf4+ 38. g3 Bxg3+ 39. Kg2 e3+ 40. Nf3 Rg1+ 41. Kxg1 exf2+ 42. Kf1 Qd1+ 43. Kg2 f1=Q+ 44. Kxg3 Qdxf3+ 0-1

[Event "*** SCC Grand Prix: Titled Tuesday Blitz"]
[Site "Chess.com"]
[Date "2020.08.11"]
[Round "7"]
[White "eCztery"]
[Black "Dinamo81"]
[Result "1-0"]
[WhiteElo "2436"]
[BlackElo "2618"]
[TimeControl "180+1"]
[EndTime "11:18:14 PDT"]
[Termination "eCztery won on time"]

1. e4 c6 2. Nc3 d6 3. d4 Nf6 4. Bd3 e5 5. dxe5 dxe5 6. Nge2 Be6 7. O-O Nbd7 8. f4 Bc5+ 9. Kh1 exf4 10. Bxf4 Ng4 11.
Qe1 Qe7 12. Qg3 h5 13. e5 g5 14. Bd2 h4 15. Qf3 Ndxe5 16. Qe4 O-O-O 17. b4 h3 18. bxc5 hxg2+ 19. Qxg2 Rxh2+ 20. Qxh2 Nxh2 21. Kxh2 Rh8+ 22. Kg3 Nxd3 23. cxd3 Qc7+ 24. Kf2 Qe5 25. d4 Qg7 26. Ke1 Re8 27. Ne4 Re7 28. Nd6+ Kd7 29. Rb1 b5 30. cxb6 axb6 31. Ne4 Bd5 32. Nf6+ Kc7 33. Nxd5+ cxd5 34. Kd1 Qg6 35. Nc3 Kb7 36. Kc1 Rc7 37. Kb2 Qc6 38. Ka1 1-0

[Event "*** SCC Grand Prix: Titled Tuesday Blitz"]
[Site "Chess.com"]
[Date "2020.08.11"]
[Round "7"]
[White "Grieve72"]
[Black "Alex_Belezky"]
[Result "1-0"]
[WhiteElo "2372"]
[BlackElo "2460"]
[TimeControl "180+1"]
[EndTime "11:18:14 PDT"]
[Termination "Grieve72 won by resignation"]

1. e4 c5 2. Nf3 d6 3. d4 cxd4 4.
Nxd4 Nf6 5. Nc3 g6 6. Be3 a6 7.
f3 h5 8. Qd2 Nbd7 9. h3 Qc7 10.
O-O-O b5 11. Bd3 Bb7 12. g4 Ne5 13. g5 Nfd7 14. f4 Nc4 15. Bxc4 Qxc4 16. Nb3 Bg7 17. Rhe1 Bxc3 18. Qxc3 Qxc3 19. bxc3 O-O-O 20. Bf2 Nb8 21. Na5 Nc6 22. Bb6 Nxa5 23. Bxa5 Rd7 24. h4 Re8 25. e5 dxe5 26. Rxe5 Rxd1+ 27. Kxd1 Bf3+ 28. Kd2 e6 29. Rc5+ Kb8 30. Rc7 Rf8 31. Re7 Bc6 32. Ke3 Bd5 33. a3 Bb7 34. Kd4 Rc8 35. Rxf7 Bf3 36. Ke5 Bg4 37.
Kf6 Bf5 38. Bb4 Bxc2 39. Bd6+ Ka8 40. Ke7 Bf5 41. Be5 Kb7 42. Kd6+ Kb6 43. Bd4+ Ka5 44.
Rd7 e5 45. fxe5 Bxd7 46. Kxd7 Rf8 47. e6 Rf4 48. e7 Re4 49. e8=Q Rxe8 50. Kxe8 Ka4 51.
Bc5 Kb3 52. Bb4 1-0

[Event "*** SCC Grand Prix: Titled Tuesday Blitz"]
[Site "Chess.com"]
[Date "2020.08.11"]
[Round "7"]
[White "artichaud"]
[Black "pfalcon1949"]
[Result "1-0"]
[WhiteElo "2143"]
[BlackElo "1950"]
[TimeControl "180+1"]
[EndTime "11:18:14 PDT"]
[Termination "artichaud won by resignation"]

1. e4 e6 2. d4 d5 3. Nc3 Bb4 4.
a3 Bxc3+ 5. bxc3 Ne7 6. Qg4 Kf8 7. exd5 Nxd5 8. Qg3 c5 9. Bd3 Nc6 10. Ne2 Qa5 11. Bd2 Qc7 12. c4 Qxg3 13. hxg3 Nf6 14. dxc5 e5 15. Nc3 Be6 16. Rb1 Na5 17. Nd5 Nc6 18. Nxf6 gxf6 19. Bh6+ Ke8 20. Bg7 Rg8 21. Bxf6 Rb8 22. Bxh7 Rg4 23. f3 Rxc4 24. Bd3 Ra4 25. Rh8+ Kd7 26. Rxb8 Nxb8 27. Rxb7+ Kc8 28. Rb1 Rxa3 29.
Bxe5 Nc6 30. Bd6 Nd4 31. Kf2 Ra2 32. Kg1 Nxc2 33. c6 Ra1 34. Bxc2 Rxb1+ 35. Bxb1 a5 36. Bc2 a4 37. Bxa4 Bd5 38. Bb5 Be6 39. Kf2 Bd5 40.
Ke3 Be6 41. Kd4 Bb3 42. Kc5 Be6 43. g4 Bb3 44. f4 Bc2 45. f5 Be4 46. c7 Bb7 47. g5 Bxg2 48. Ba6+ Bb7 49. Bxb7+ Kxb7 50. g6 fxg6 51. fxg6 Kc8 52. g7 Kd7 53. c8=Q+ Kxc8 54. g8=Q+ Kd7 55. Qf7+ 1-0